 Dungeon Crawl Stone Soup version 0.30.0-29-ga12c61a403 (webtiles) character file.

Game seed: 4785471514174961802

211 qw the Chopper (level 5, -3/33 HPs)
             Began as a Gargoyle Fighter on June 5, 2023.
             Slain by a hell rat (7 damage)
             ... in a sewer.
             The game lasted 00:01:47 (3102 turns).

qw the Chopper (Gargoyle Fighter)                   Turns: 3102, Time: 00:01:47

Health: -3/33      AC: 14    Str: 21    XL:     5   Next: 88%
Magic:  5/5        EV:  9    Int:  9    God:
Gold:   148        SH:  4    Dex:  9    Spells: 4/4 levels left

rFire   . . .        Y - +0 war axe
rCold   . . .        c - +0 buckler
rNeg    + . .        b - +0 scale mail
rPois   inf          (no helmet)
rElec   +            (no cloak)
rCorr   .            m - +2 pair of gloves {Stlth+}
SInv    .            (no boots)
Will    .....        (no amulet)
Stlth   +            (no ring)
HPRegen 0.25/turn    (no ring)
MPRegen 0.09/turn

%: no passive effects
@: about to teleport
A: sickness immunity, AC +4, negative energy resistance 1, electricity
resistance, torment resistance 1, petrification resistance
a: no special abilities


You were in a sewer.
You visited 1 branch of the dungeon, and saw 4 of its levels.
You also visited: Sewer.

You collected 148 gold pieces.


Innate Abilities, Weirdness & Mutations

You are immune to sickness and miasma.
Your stone body is resilient. (AC +4)
You are immune to poison.
You resist negative energy. (rN+)
You are resistant to electric shocks. (rElec)
You are resistant to unholy torment.
You are immune to petrification.


   Skills:
 - Level 4.0 Fighting
 - Level 5.0 Axes
 - Level 3.2 Armour
 + Level 0.0 Dodging
 - Level 3.2 Shields


You had 4 spell levels left.
You didn't know any spells.
Your spell library was empty.

Inventory:

Hand Weapons
 a - a +0 flail
 Y - a +0 war axe (weapon)
Armour
 b - a +0 scale mail (worn)
 c - a +0 buckler (worn)
 m - a +2 pair of gloves of stealth (worn)
Scrolls
 i - a scroll of teleportation
Potions
 d - 2 potions of might
 e - a potion of haste {unknown}
 g - a potion of flight {unknown}
 j - a potion of brilliance {unknown}
 k - a potion of curing

Dungeon Overview and Level Annotations

Branches:
Dungeon (4/15)              Sewer (1/1)
 Temple: D:4-7

Altars:
Vehumet

Annotations:
D:2 1 runed translucent door, Crazy Yiuf
D:3 2 transporters


Message History

You kill the rat!
You enter the shallow water.
Moving in this stuff is going to be slow.
A rat comes into view.
You barely miss the rat. The rat barely misses you.
The rat bites you but does no damage.
You closely miss the rat. The rat completely misses you.
You hit the rat.
You kill the rat!
You see here a rat corpse.
You enter the shallow water.
Moving in this stuff is going to be slow.
You open the door.
A hell rat comes into view.
The hell rat roars deafeningly!
Found five items.
Found a gate leading back out of this place.
There is an open door here.
You hit the hell rat.
The hell rat is moderately wounded.
The hell rat splashes around in the water.
The hell rat bites you.
You closely miss the hell rat.
The hell rat is moderately wounded.
You block the hell rat's attack.
You hit the hell rat.
The hell rat is heavily wounded.
The hell rat bites you! x2
3100 ||| READING 2 scrolls of teleportation.
As you read the scroll of teleportation, it crumbles to dust.
You feel strangely unstable.
The hell rat splashes around in the water.
You barely miss the hell rat.
The hell rat is heavily wounded.
The hell rat bites you.
You closely miss the hell rat.
The hell rat is heavily wounded.
The hell rat closely misses you. The hell rat bites you!
You die...

###~~%\~~~##
###~~..~\~~~~.#
#~.~..#####~...~
##~..###!\?###.~.
#~.~##~!!!!!~##~.
#~~~#.~~~~~~.~# ~
#~~.##.~~~~~~ ~
##~~~###~r~# ~~~
#...~.##@##~~~.~
###..~.%~..~..#
###..~.~~.###
#########


You could see a hell rat.

Vanquished Creatures
  2 hounds
  An iguana (D:4)
  2 adders (D:3)
  A river rat (Sewer)
  A worm (D:2)
  3 dart slugs
  2 orcs (D:3)
  5 bats
  7 endoplasms
  4 giant cockroaches
  7 goblins
  8 hobgoblins
  9 jackals
  3 kobolds
  5 quokkas (D:2)
  9 ball pythons
  7 frilled lizards
  12 rats
88 creatures vanquished.

Notes
Turn   | Place    | Note
-------+----------+-------------------------------------------
     0 | D:1      | qw the Gargoyle Fighter began the quest for the Orb.
     0 | D:1      | Reached XP level 1. HP: 14/14 MP: 1/1
     0 | D:1      | 0 ||| qw: Version: 0.2-a-108-gee2c290
     0 | D:1      | 0 ||| qw: Game counter: 1490
     0 | D:1      | 0 ||| qw: Always use a shield: true
     0 | D:1      | 0 ||| qw: God list: Okawaru
     0 | D:1      | 0 ||| qw: Allow faded altars: false
     0 | D:1      | 0 ||| qw: Do Orc after D:15 true
     0 | D:1      | 0 ||| qw: Do second Lair branch before Depths: true
     0 | D:1      | 0 ||| qw: Lair rune preference: random
     0 | D:1      | 0 ||| qw: Plans: Normal, Zot:1-4, Slime:5, God:TSO, Crypt,
                  | Tomb, Abyss, Pan, Hells, Win
     0 | D:1      | 0 ||| PLANNING D:1-11
   110 | D:1      | Reached skill level 2 in Axes
   115 | D:1      | 115 ||| Stepping ~*~*~tactically~*~*~ (stealth).
   171 | D:1      | Reached XP level 2. HP: 15/19 MP: 2/2
   468 | D:1      | Reached skill level 3 in Axes
   599 | D:1      | 599 ||| Stepping ~*~*~tactically~*~*~ (hiding).
   606 | D:1      | Reached XP level 3. HP: 23/23 MP: 3/3
   880 | D:1      | 880 ||| DROPPING orb of guile.
   881 | D:1      | 881 ||| READING scroll labelled RUEXZICANIO.
   882 | D:1      | 882 ||| READING scroll labelled NAAMMI DOBRU.
   883 | D:1      | 883 ||| DRINKING 2 pink potions.
   884 | D:1      | 884 ||| DROPPING potion of degeneration.
  1041 | D:2      | Found a faded altar of an unknown god.
  1096 | D:2      | 1096 ||| Stepping ~*~*~tactically~*~*~ (stealth).
  1130 | D:2      | 1130 ||| FLEEEEING.
  1131 | D:2      | 1131 ||| FLEEEEING.
  1132 | D:2      | 1132 ||| FLEEEEING.
  1152 | D:2      | 1152 ||| Stepping ~*~*~tactically~*~*~ (stealth).
  1208 | D:2      | Found a radiant altar of Vehumet.
  1285 | D:2      | 1285 ||| Stepping ~*~*~tactically~*~*~ (hiding).
  1356 | D:2      | 1356 ||| Stepping ~*~*~tactically~*~*~ (stealth).
  1357 | D:2      | 1357 ||| Stepping ~*~*~tactically~*~*~ (stealth).
  1358 | D:2      | 1358 ||| Stepping ~*~*~tactically~*~*~ (stealth).
  1359 | D:2      | 1359 ||| Stepping ~*~*~tactically~*~*~ (stealth).
  1361 | D:2      | 1361 ||| Stepping ~*~*~tactically~*~*~ (stealth).
  1362 | D:2      | 1362 ||| Stepping ~*~*~tactically~*~*~ (stealth).
  1375 | D:2      | Reached XP level 4. HP: 25/28 MP: 4/4
  1790 | D:2      | Found a runed translucent door.
  1791 | D:2      | Noticed Crazy Yiuf
  1977 | D:2      | 1977 ||| UPGRADING to +2 pair of gloves of stealth.
  1982 | D:2      | 1982 ||| READING scroll labelled HAZUUTAYM.
  1983 | D:2      | 1983 ||| READING scroll labelled XECEUC RARUITZ.
  1984 | D:2      | 1984 ||| READING 2 scrolls labelled JOSUFOAVAJI.
  1998 | D:2      | 1998 ||| READING scroll labelled PONOKI UXIELAE.
  1999 | D:2      | 1999 ||| DRINKING 2 brown potions.
  2066 | D:3      | 2066 ||| Stepping ~*~*~tactically~*~*~ (stealth).
  2084 | D:3      | Reached skill level 4 in Axes
  2119 | D:3      | 2119 ||| Stepping ~*~*~tactically~*~*~ (stealth).
  2420 | D:3      | Reached XP level 5. HP: 32/32 MP: 5/5
  2434 | D:3      | Found a transporter.
  2579 | D:3      | 2579 ||| Stepping ~*~*~tactically~*~*~ (stealth).
  2580 | D:3      | 2580 ||| DROPPING +0 mace.
  2584 | D:3      | 2584 ||| Stepping ~*~*~tactically~*~*~ (stealth).
  2585 | D:3      | 2585 ||| Stepping ~*~*~tactically~*~*~ (stealth).
  2586 | D:3      | 2586 ||| Stepping ~*~*~tactically~*~*~ (stealth).
  2669 | D:3      | 2669 ||| Stepping ~*~*~tactically~*~*~ (stealth).
  2735 | D:3      | Found a transporter.
  2902 | D:4      | 2902 ||| PLANNING SEWER
  2969 | D:4      | Reached skill level 5 in Axes
  3013 | D:4      | Found a glowing drain.
  3032 | Sewer    | Entered a sewer
  3099 | Sewer    | HP: 7/33 [hell rat (13)]
  3100 | Sewer    | 3100 ||| READING 2 scrolls of teleportation.
  3101 | Sewer    | HP: 3/33 [hell rat (4)]
  3102 | Sewer    | Slain by a hell rat

Levels and vault maps discovered:
D:1:      dpeg_arrival_leaves_temple_mockup, layout_loops_ring
D:2:      wad_woods_stonehenge, layout_loops_ring,
          hellmonk_ecumenical_altar_arch_garden, uniq_crazy_yiuf_cottage
D:3:      gammafunk_wand_slinger, layout_basic, minmay_quadrilaterals
D:4:      layout_basic, portal_sewer_entry_a, nicolae_shop_sticking_my_neck_out,
          uniq_duvessa
Sewer:    sewer_hellmonk_bad_rat

Skill      XL: |  1  2  3  4  5 |
---------------+----------------+-----
Axes           | 2 3 4 5 |  5.0
Fighting       | 4 |  4.0
Armour         | |  3.2
Shields        | |  3.2

Action                     |  1- 3 |  4- 6 || total
---------------------------+-------+-------++-------
  Melee: War axe           |   167 |   165 ||   332
    Use: Scroll            |     2 |     5 ||     7
         Potion            |     1 |     1 ||     2
 Armour: Scale mail        |    84 |    80 ||   164
  Dodge: Dodged            |    88 |    92 ||   180
  Block: Buckler           |    37 |    24 ||    61

Table legend:
 A = Non-vault XP
 B = Vault XP
 C = Vault XP percentage of total XP
 D = Non-vault monster count
 E = Vault monster count
 F = Vault count percentage of total count
                 A         B        C        D         E       F
            +---------+---------+-------+---------+---------+-------
      Total |     263 |      39 |  12.9 |      70 |      18 |  20.5
            +---------+---------+-------+---------+---------+-------
        D:1 |      38 |       0 |   0.0 |      24 |       0 |   0.0
        D:2 |      45 |      10 |  18.2 |      23 |       6 |  20.7
        D:3 |      96 |       8 |   7.7 |      18 |       4 |  18.2
        D:4 |      84 |       3 |   3.4 |       5 |       2 |  28.6
      Sewer |       0 |      18 | 100.0 |       0 |       6 | 100.0
            +---------+---------+-------+---------+---------+-------
